 Dungeon Crawl Stone Soup version 0.29.0-4-gdea44cf6ec (webtiles) character file.

Game seed: 14028823241192075295

1682 MeatBomb the Cleaver (level 8, -10/64 HPs)
             Began as a Minotaur Berserker on Aug 27, 2022.
             Was a Priest of Trog.
             Shot with a bolt by an orc warrior (22 damage)
             ... on level 6 of the Dungeon.
             The game lasted 00:42:22 (6699 turns).

MeatBomb the Cleaver (Minotaur Berserker)           Turns: 6699, Time: 00:42:22

Health: -10/64     AC:  7    Str: 24    XL:     8   Next: 71%
Magic:  7/7        EV: 10    Int:  4    God:    Trog [***...]
Gold:   249        SH:  5    Dex: 10    Spells: 7/7 levels left

rFire   . . .      SeeInvis .   a - +0 war axe
rCold   . . .      Faith    .   h - +0 buckler
rNeg    . . .      Spirit   .   t - +0 scale mail
rPois   .          Reflect  .   (helmet restricted)
rElec   .          Harm     .   (no cloak)
rCorr   +          Rampage  .   (no gloves)
Will    +....                   o - +0 pair of boots
Stlth   ..........              (no amulet)
HPRegen 0.20/turn               g - ring of willpower
MPRegen 0.10/turn               r - ring of resist corrosion

@: no status effects
A: horns 2, retaliatory headbutt
a: Renounce Religion, Berserk, Trog's Hand


You were on level 6 of the Dungeon.
You worshipped Trog.
Trog was most pleased with you.
You visited 1 branch of the dungeon, and saw 6 of its levels.

You collected 249 gold pieces.

Inventory:

Hand Weapons
 a - a +0 war axe (weapon)
 b - a +0 sling of freezing
 v - a +2 short sword of flaming
Missiles
 d - 67 stones
 e - 20 poisoned darts (quivered)
Armour
 h - a +0 buckler (worn)
 o - a +0 pair of boots (worn)
 t - a +0 scale mail (worn)
Jewellery
 g - a ring of willpower (left hand)
 r - a ring of resist corrosion (right hand)
 u - an amulet of magic regeneration
Wands
 q - a wand of charming (8)
 w - a wand of flame (24)
Scrolls
 c - a scroll of silence {unknown}
 f - 2 scrolls of noise {unknown}
 k - a scroll of magic mapping
 l - 3 scrolls of identify
 p - a scroll of enchant armour {unknown}
Potions
 i - 4 potions of mutation
 j - a potion of magic {unknown}
 m - 2 potions of heal wounds {unknown}
 n - a potion of attraction {unknown}
 s - a potion of lignification {unknown}
 x - 2 potions of might
 z - a potion of brilliance {unknown}
 A - a potion of invisibility {unknown}


   Skills:
 - Level 3.6 Fighting
 * Level 11.7 Axes
 - Level 2.4 Armour
 - Level 2.1 Dodging
 - Level 7.0 Shields


You had 7 spell levels left.
You didn't know any spells.
Your spell library was empty.

Dungeon Overview and Level Annotations

Branches:
Dungeon (6/15)
 Temple: D:4-7

Altars:
Ashenzari
Cheibriados
Elyvilon
Fedhas
Hepliaklqana
Nemelex Xobeh
Qazlal
Wu Jian
Zin

Shops:
D:4 (![[


Innate Abilities, Weirdness & Mutations

You have a pair of horns on your head.
You reflexively headbutt those who attack you in melee.


Message History

Fire: b) +0 sling (freeze)
Press: ? - help, Q - select action, (/) - cycle Shift-Dir - straight line, f/p - orc warrior
Aim: an orc warrior, wielding a +0 arbalest and wearing a +0 plate armour (lightly wounded, 52% to hit)
You shoot a sling bullet.
The sling bullet hits the orc warrior but does no damage.
The orc warrior is lightly wounded.
The orc warrior shoots a bolt.
The bolt hits you but does no damage.
The orc warrior shoots a bolt.
The bolt misses you.
Fire: b) +0 sling (freeze)
Press: ? - help, Q - select action, (/) - cycle Shift-Dir - straight line, f/p - orc warrior
Aim: an orc warrior, wielding a +0 arbalest and wearing a +0 plate armour (lightly wounded, 52% to hit)
You shoot a sling bullet.
The sling bullet hits the orc warrior but does no damage.
The orc warrior is lightly wounded.
The orc warrior shoots a bolt.
The bolt hits you!
Fire: b) +0 sling (freeze)
Press: ? - help, Q - select action, (/) - cycle Shift-Dir - straight line, f/p - orc warrior
Aim: an orc warrior, wielding a +0 arbalest and wearing a +0 plate armour (lightly wounded, 52% to hit)
You shoot a sling bullet.
The sling bullet hits the orc warrior but does no damage.
The orc warrior is lightly wounded.
The orc warrior shoots a bolt.
The bolt hits you but does no damage.
Your +0 sling of freezing stops glowing.
a - a +0 war axe (weapon)
The orc warrior shoots a bolt.
The bolt hits you!
You start resting.
An orc priest is nearby!
The orc warrior shoots a bolt.
The bolt barely misses you.
You closely miss the orc priest. The orc priest barely misses you.
The orc warrior shoots a bolt.
The bolt hits you!!
* * * LOW HITPOINT WARNING * * *
You barely miss the orc priest. You headbutt the orc priest!
The orc priest is heavily wounded.
The orc priest completely misses you.
The orc warrior shoots a bolt.
You block the bolt.
You slice the orc priest!!
You kill the orc priest!
Trog accepts your kill.
The orc warrior shoots a bolt.
The bolt hits you!!
You die...

..#
#######...###.#
#.#
####........##
#.# #
........#####
#.#.#
####.##.########
#.#.##
#.............
#....#
#..##.########
#.#.#.# #..##.#
..#.##.
###.####..##.#
..# ..
........@)##.#
..#.##
###.#####.##.#
...[#.#
#.#####o##.#
.....#
..o.)...##.#
..####
#..o$......#
.......
############
#.##### #.# #.#


You could see an orc warrior.

Vanquished Creatures
  2 water moccasins
  2 ice beasts (D:6)
  A black bear (D:6)
  2 ogres
  A phantom (D:5)
  A kobold brigand (D:5)
  2 necrophages
  3 scorpions
  2 howler monkeys (D:4)
  2 hounds
  3 jellies
  2 orc priests
  An orc wizard (D:3)
  Natasha (twice) (D:4)
  An iguana (D:5)
  4 gnolls (D:6)
  10 adders
  2 shadow imps
  2 dart slugs (D:1)
  10 orcs
  5 endoplasms
  4 giant cockroaches
  12 goblins
  7 hobgoblins
  5 quokkas
  10 ball pythons
  5 bats
  8 frilled lizards
  14 kobolds
  3 rats (D:1)
128 creatures vanquished.

Vanquished Creatures (others)
  A ball python (D:1)
1 creature vanquished.

Grand Total: 129 creatures vanquished

Notes
Turn   | Place    | Note
-------+----------+-------------------------------------------
     0 | D:1      | MeatBomb the Minotaur Berserker began the quest for the
                  | Orb.
     0 | D:1      | Reached XP level 1. HP: 19/19 MP: 0/0
   149 | D:1      | Reached skill level 4 in Axes
   173 | D:1      | Reached XP level 2. HP: 23/26 MP: 1/1
   491 | D:1      | Reached skill level 5 in Axes
   587 | D:1      | Reached ** piety under Trog
   625 | D:1      | Reached XP level 3. HP: 31/31 MP: 2/2
   742 | D:1      | Found a faded altar of an unknown god.
  1853 | D:3      | Identified the +2 kite shield of the Lich-sworn {-Cast
                  | Will+ Str+4 SInv}
  1879 | D:3      | Reached skill level 1 in Shields
  1879 | D:3      | Reached XP level 4. HP: 39/39 MP: 3/3
  2187 | D:3      | Noticed an ogre
  2195 | D:3      | Killed an ogre
  2196 | D:3      | Reached skill level 6 in Axes
  2196 | D:3      | Reached XP level 5. HP: 25/45 MP: 4/4
  2475 | D:3      | Found a white marble altar of Elyvilon.
  2765 | D:3      | Reached skill level 7 in Axes
  2809 | D:3      | Found a faded altar of an unknown god.
  2813 | D:3      | Found a sparkling altar of Nemelex Xobeh.
  2886 | D:4      | Found an ornate altar of the Wu Jian Council.
  2897 | D:4      | Reached XP level 6. HP: 47/51 MP: 5/5
  2998 | D:4      | Found a snail-covered altar of Cheibriados.
  3061 | D:4      | Noticed a water moccasin
  3065 | D:4      | Killed a water moccasin
  3066 | D:4      | Reached skill level 8 in Axes
  3318 | D:4      | Found Vooshut's Antique Armour Shop.
  3326 | D:4      | Reached XP level 7. HP: 46/57 MP: 6/6
  3382 | D:4      | Found Borumese's Antique Armour Shop.
  3386 | D:4      | Found Gyfe's Antique Weapon Shop.
  3390 | D:4      | Found Amparitz's Distillery.
  3769 | D:4      | Noticed Natasha
  3779 | D:4      | Killed Natasha
  3992 | D:5      | Entered Level 5 of the Dungeon
  4023 | D:5      | Reached *** piety under Trog
  4027 | D:5      | Reached skill level 9 in Axes
  4091 | D:5      | Reached skill level 5 in Shields
  4476 | D:5      | Found a stormy altar of Qazlal.
  4476 | D:5      | Found a broken altar of Ashenzari.
  5111 | D:5      | Found a hazy altar of Hepliaklqana.
  5325 | D:5      | Reached skill level 10 in Axes
  5325 | D:5      | Reached XP level 8. HP: 55/64 MP: 7/7
  5911 | D:5      | Found a blossoming altar of Fedhas.
  6005 | D:4      | Noticed Natasha
  6014 | D:4      | Killed Natasha
  6227 | D:6      | Reached skill level 11 in Axes
  6310 | D:6      | Found a glowing silver altar of Zin.
  6699 | D:6      | Shot with a bolt by an orc warrior

Illustrated notes

Levels and vault maps discovered:
D:1:      amcnicky_arrival_flooded_fountain, layout_basic,
          hellmonk_ecumenical_altar_leap_of_faith, nrook_campfire
D:2:      layout_rooms
D:3:      layout_loops_ring, nicolae_overflow_ecumenical_swirl, elyvilon_altar_5
D:4:      layout_loops_corners, mainiacjoe_overflow_small_starburst,
          mainiacjoe_overflow_six_doors_small, minmay_shop_grid_forest,
          uniq_natasha
D:5:      layout_layer_cave, mainiacjoe_overflow_catwalk,
          mainiacjoe_overflow_divided_tiny, lemuel_coloured_pillars_altar,
          minmay_misc_feat_diagonals
D:6:      layout_loops_ring, mainiacjoe_overflow_concentric_impassable,
          kennysheep_mini_moat

Skill      XL: |  1  2  3  4  5  6  7  8 |
---------------+-------------------------+-----
Axes           | 4 5 6 7 8 10 11 | 11.7
Shields        | 1 2 3 4 5 7 |  7.0
Fighting       | |  3.6
Armour         | |  2.4
Dodging        | |  2.1

Action                   |  1- 3 |  4- 6 |  7- 9 || total
-------------------------+-------+-------+-------++-------
Melee: Hand axe          |   103 |    34 |       ||   137
       Headbutt          |     7 |     8 |    20 ||    35
       War axe           |       |    28 |   155 ||   183
 Fire: Sling             |     7 |     6 |    16 ||    29
Throw: Stone             |     2 |       |       ||     2
       Dart              |       |     2 |     4 ||     6
Invok: Berserk           |       |     2 |     3 ||     5
  Use: Scroll            |     6 |       |       ||     6
Armor: Animal skin       |     5 |       |       ||     5
       Ring mail         |    25 |    15 |       ||    40
       Scale mail        |       |       |    51 ||    51
Dodge: Dodged            |    61 |    34 |    64 ||   159
Block: Buckler           |     6 |     7 |    32 ||    45
